 Dungeon Crawl Stone Soup version 0.23.0 (webtiles) character file.

Game seed: 15130998935738900721

508 Gargoyl the Skirmisher (level 6, -2/52 HPs)
             Began as a Centaur Abyssal Knight on Feb 9, 2019.
             Was a Believer of Lugonu.
             Slain by Edmund
             ... wielding a +0 dire flail of protection
              (7 damage)
             ... on level 3 of the Dungeon.
             The game lasted 00:07:32 (4403 turns).

Gargoyl the Skirmisher (Centaur Abyssal Knight)     Turns: 4403, Time: 00:07:33

Health: -2/52      AC:  8    Str: 15    XL:     6   Next: 98%
Magic:  8/8        EV:  9    Int: 11    God:    Lugonu [**....]
Gold:   149        SH:  0    Dex: 10    Spells: 5/5 levels left

rFire    + . .     SeeInvis .   a - +1 hand axe
rCold    + . .     Gourm    .   (no shield)
rNeg     . . .     Faith    .   b - +2 ring mail {MR+}
rPois    .         Spirit   .   (no helmet)
rElec    .         Reflect  .   d - scarf {rC+ rF+}
rCorr    .         Harm     .   (no gloves)
MR       +....                  (no barding)
Stlth    ..........             (no amulet)
HPRegen  0.17/turn              (no ring)
MPRegen  0.11/turn              (no ring)

@: hasted, very quick
A: large, hooves 3, deformed body, speed 2, tough skin 3
a: Depart the Abyss, Bend Space, Renounce Religion


You were on level 3 of the Dungeon.
You worshipped Lugonu.
Lugonu was pleased with you.
You were not hungry.

You visited 1 branch of the dungeon, and saw 4 of its levels.
You visited the Abyss 1 time.

You collected 149 gold pieces.

Inventory:

Hand Weapons
 a - a +1 hand axe (weapon)
Armour
 b - a +2 ring mail of magic resistance (worn)
 d - a scarf of resistance (worn)
Wands
 j - a wand of enslavement (6)
Scrolls
 h - 2 scrolls of identify
Potions
 f - a potion of magic
 g - 2 potions of haste
Comestibles
 c - 3 rations


   Skills:
 + Level 3.8 Fighting
 + Level 3.8 Axes
 * Level 3.1 Armour
 * Level 2.2 Dodging
 * Level 3.7 Invocations


You had 5 spell levels left.
You didn't know any spells.
Your spell library was empty.

Dungeon Overview and Level Annotations

Branches:
Dungeon (4/15)
 Temple: D:4-7

Altars:
Gozag
Hepliaklqana
Kikubaaqudgha
Sif Muna

Shops:
D:2 *

Annotations:
D:3 Edmund


Innate Abilities, Weirdness & Mutations

You have hooves in place of feet.
Armour fits poorly on your strangely shaped body.
You cover ground very quickly.
You have extremely tough skin. (AC +3)


Message History

Edmund is severely wounded.
Edmund hits you but does no damage.
You barely miss Edmund. You kick Edmund, but do no damage.
Edmund is severely wounded.
You barely miss Edmund.
Edmund is severely wounded.
Edmund hits you with a +0 dire flail of protection.
* * * LOW HITPOINT WARNING * * *
You closely miss Edmund.
Edmund is severely wounded.
Edmund hits you but does no damage.
You hit Edmund but do no damage. Your kick misses Edmund.
Edmund is severely wounded.
You barely miss Edmund.
Edmund is severely wounded.
Edmund hits you but does no damage.
You barely miss Edmund.
Edmund is severely wounded.
Edmund hits you with a +0 dire flail of protection!
You die...

...........###..####.#
.....#.....##.....##.#
.).#.#.....###..#.##.#
#..#.####### ##.#.##.#
...#.# #......#
.....## ###.####
#....@# #########.#
#####.# #.......#.#
#.###.#...)@@.#
#......)..#.###
#####.#####.#
#.#####.# #.......#
######### ### ..#


You could see Edmund.

Vanquished Creatures
  Sigmund (D:2)
  A howler monkey (D:4)
  An iguana (D:3)
  Terence (D:3)
  Natasha (thrice) (D:2)
  5 gnolls
  6 adders
  An ooze (D:1)
  2 worms
  A dart slug (D:3)
  5 leopard geckos
  An orc (D:3)
  3 giant cockroaches
  11 goblins
  6 hobgoblins
  3 jackals (D:3)
  14 kobolds
  A ball python (D:2)
  7 bats
  2 frilled lizards
  A jackal skeleton (D:4)
  7 rats
83 creatures vanquished.

Notes
Turn   | Place    | Note
-------+----------+-------------------------------------------
     0 | Abyss:1  | Gargoyl the Centaur Abyssal Knight began the quest for the
                  | Orb.
     0 | Abyss:1  | Reached XP level 1. HP: 19/19 MP: 2/2
    13 | Abyss:1  | Found a corrupted altar of Lugonu.
    25 | Abyss:1  | Found a corrupted altar of Lugonu.
   106 | Abyss:1  | Noticed an iron imp
   109 | Abyss:1  | Noticed an ancient zyme
   111 | D:1      | Escaped the Abyss
   332 | D:1      | Reached * piety under Lugonu
   544 | D:1      | Reached XP level 2. HP: 26/26 MP: 3/3
   742 | D:1      | Reached skill level 1 in Dodging
  1353 | D:2      | Found an opulent altar of Gozag.
  1381 | D:2      | Reached XP level 3. HP: 31/31 MP: 4/4
  1466 | D:2      | Found a hazy altar of Hepliaklqana.
  1468 | D:2      | Found Gozag's Platinum Reserve.
  1534 | D:2      | Reached XP level 4. HP: 15/38 MP: 5/5
  1799 | D:2      | Noticed Natasha
  1809 | D:2      | Killed Natasha
  2119 | D:2      | Noticed Natasha
  2128 | D:2      | Killed Natasha
  2187 | D:2      | Reached XP level 5. HP: 44/45 MP: 7/7
  2215 | D:2      | Found an ancient bone altar of Kikubaaqudgha.
  2283 | D:2      | Reached ** piety under Lugonu
  2422 | D:2      | Noticed Sigmund
  2708 | D:2      | Killed Sigmund
  2708 | D:2      | Reached XP level 6. HP: 20/52 MP: 0/8
  2974 | D:2      | Noticed Natasha
  2979 | D:2      | Killed Natasha
  3014 | D:2      | Found a deep blue altar of Sif Muna.
  3778 | D:3      | Noticed Terence
  3801 | D:3      | Killed Terence
  4155 | D:4      | Noticed Edmund
  4403 | D:3      | Slain by Edmund

Skill      XL: |  1  2  3  4  5  6 |
---------------+-------------------+-----
Axes           | 2 3 |  3.8
Dodging        | 1 2 |  2.2
Armour         | 2 3 |  3.1
Invocations    | 3 |  3.7
Fighting       | |  3.8

Action                   |  1- 3 |  4- 6 || total
-------------------------+-------+-------++-------
Melee: Hand axe          |    64 |   226 ||   290
       Kick              |     8 |    41 ||    49
Invok: Depart the Abyss  |     1 |       ||     1
  Use: Scroll            |       |     6 ||     6
       Potion            |       |     5 ||     5
  Eat: Chunk             |       |     4 ||     4
       Ration            |       |     2 ||     2
Armor: Leather armour    |     4 |       ||     4
       Ring mail         |    32 |    76 ||   108
Dodge: Dodged            |    38 |    99 ||   137
